 Dungeon Sprint DCSS version 0.29.1-15-g9cfb28693d (webtiles) character file.

Game seed: 11788860778889890520

1900000 GigaChad the Formicid Barricade (level 16, -40/167 HPs)
             Began as a Formicid Fighter on Mar 30, 2023.
             Annihilated by a meat berserker
             ... wielding a +9 battleaxe
              (49 damage)
             ... in the Dungeon (Sprint VIII: "Arena of Blood").
             The game lasted 00:01:36 (19 turns).

GigaChad the Formicid Barricade (Formicid Fighter)    Turns: 19, Time: 00:01:37

Health: -40/167    AC: 13    Str: 28    XL:     16   Next: 85%
Magic:  16/16      EV: 12    Int:  9    God:
Gold:   0          SH: 11    Dex: 13    Spells: 15/15 levels left

rFire   . . .      SeeInvis +   h - +∞ Axe of Woe
rCold   . . .      Faith    .   c - +0 buckler
rNeg    . . .      Spirit   .   b - +0 scale mail
rPois   .          Reflect  .   (helmet unavailable)
rElec   .          Harm     .   (no cloak)
rCorr   .          Rampage  .   (no gloves)
Will    +....                   (no boots)
Stlth   ..........              (no amulet)
HPRegen 0.37/turn               j - +30 ring of slaying
MPRegen 0.15/turn               (no ring)

@: no status effects
A: permanent stasis, dig shafts and tunnels, antennae 3, four strong arms
a: Dig


You were in the Dungeon.
You visited 1 branch

Inventory:

Hand Weapons
 a - a +0 war axe
 h - the +∞ Axe of Woe (weapon)
   (You found it in the Dungeon)
Armour
 b - a +0 scale mail (worn)
 c - a +0 buckler (worn)
Jewellery
 i - a +30 ring of slaying
 j - a +30 ring of slaying (left hand)
Potions
 d - a potion of might
 e - a potion of curing
 f - a potion of heal wounds
 g - 2 potions of magic


   Skills:
 O Level 27 Fighting
 + Level 25.1 Axes
 O Level 27 Armour
 + Level 2.8 Dodging
 O Level 27 Shields


You had 15 spell levels left.
You didn't know any spells.
Your spell library was empty.

Dungeon Overview and Level Annotations

Branches:
Dungeon (1/1)

Altars:
Makhleb


Innate Abilities, Weirdness & Mutations

You cannot be hasted, slowed, berserked, paralysed or teleported.
You can dig through walls and to a lower floor.
You have a pair of large antennae on your head. (SInv)
Your four strong arms can wield two-handed weapons with a shield.


Message History

You feel stronger.
Welcome back, GigaChad the Formicid Fighter.
Press ? for a list of commands and other information.
You are too injured to fight recklessly!
You are too injured to fight recklessly!
You are too injured to fight recklessly!
You are too injured to fight recklessly! 2 bags of meat and a meat berserker come into view.
The bag of meat shouts! x3; The meat berserker shouts!
You hear a shout! x2
The meat berserker hits you with a +9 battleaxe!!
* * * LOW HITPOINT WARNING * * *
You hear a shout! x3
A meat berserker comes into view. It is wielding a +9 battleaxe.
You hear a shout!
A bag of meat comes into view. It is wielding a +9 war axe.
You hear a shout! x3
A bag of meat comes into view. It is wielding a +9 war axe. x2
The bag of meat shouts!
You hear a shout!
The bag of meat shouts!
Things that are here:
a +9 battleaxe; a +30 ring of slaying; a meat berserker corpse The bag of meat shouts!
You dice the meat berserker like an onion!!!
You pulverise the meat berserker into a thin bloody mist.
You kill the meat berserker!
You hear a shout! x2; You hear two shouts!
You hear a shout! x9
The meat berserker hits you but does no damage.
You hear a shout! x3
Your Axes skill gained 4 levels and is now at level 25!
Your Dodging skill gained 2 levels and is now at level 2!
The destroyer appears out of thin air!
A destroyer comes into view. It is wielding a +9 vorpal great sword.
The destroyer shouts!
You hear a shout! x2
A bag of meat comes into view. It is wielding a +9 war axe.
You hear a shout!
A meat berserker comes into view. It is wielding a +9 battleaxe.
You hear a shout! x3
A meat berserker comes into view. It is wielding a +9 battleaxe.
You hear a shout! x2
The meat berserker hits you with a +9 battleaxe!!!
You die...

...O..........
..o........o.
..ooo.......
......O.o..
.o..oo....
#O....O.# .{
#.).....#
...###@).....###.
......O.O###......
.#.....)O._.......
....V..#.)O..#..
.......#_.<._#
.......#.....#
O#........_......
........###o.....
...###... ..###.


You could see a destroyer, 9 meat berserkers and 10 bags of meat.

Vanquished Creatures
  6 ogres (D)
  3 orcs (D)
9 creatures vanquished.

Notes
Turn   | Place    | Note
-------+----------+-------------------------------------------
     0 | D        | Found the +∞ Axe of Woe
     0 | D        | GigaChad the Formicid Fighter began the quest for the Orb.
     0 | D        | Reached XP level 1. HP: 18/18 MP: 1/1
     3 | D        | Noticed a meat berserker
     4 | D        | Noticed a bag of meat
     4 | D        | Noticed a bag of meat
     4 | D        | Noticed a meat berserker
     6 | D        | Noticed a meat berserker
     7 | D        | Killed a meat berserker
     7 | D        | Noticed a bag of meat
     8 | D        | Reached XP level 2. HP: 49/49 MP: 2/2
     8 | D        | Reached XP level 3. HP: 55/55 MP: 3/3
     8 | D        | Reached XP level 4. HP: 63/63 MP: 4/4
     8 | D        | Reached XP level 5. HP: 69/69 MP: 5/5
     8 | D        | Reached XP level 6. HP: 76/76 MP: 6/6
     8 | D        | Reached XP level 7. HP: 83/83 MP: 7/7
     8 | D        | Reached XP level 8. HP: 90/90 MP: 8/8
     8 | D        | Reached XP level 9. HP: 96/96 MP: 9/9
     8 | D        | Reached XP level 10. HP: 104/104 MP: 10/10
     8 | D        | Reached XP level 11. HP: 110/110 MP: 11/11
     8 | D        | Reached XP level 12. HP: 117/117 MP: 12/12
     8 | D        | Killed a bag of meat
     8 | D        | Noticed a meat berserker
     9 | D        | Reached skill level 10 in Axes
     9 | D        | Reached XP level 13. HP: 76/127 MP: 13/13
     9 | D        | Killed a meat berserker
     9 | D        | Killed a bag of meat
    10 | D        | Reached XP level 14. HP: 65/141 MP: 14/14
    10 | D        | Killed a bag of meat
    10 | D        | Killed a meat berserker
    11 | D        | Reached skill level 15 in Axes
    11 | D        | Reached skill level 27 in Shields
    11 | D        | Reached XP level 15. HP: 72/155 MP: 15/15
    11 | D        | Killed a meat berserker
    11 | D        | Noticed a meat berserker
    12 | D        | Noticed a meat berserker
    13 | D        | Noticed a meat berserker
    15 | D        | Noticed a meat berserker
    16 | D        | Killed a meat berserker
    16 | D        | Noticed a meat berserker
    16 | D        | Noticed a meat berserker
    16 | D        | Noticed a meat berserker
    17 | D        | Reached skill level 27 in Fighting
    17 | D        | Reached skill level 27 in Armour
    17 | D        | Reached XP level 16. HP: 29/167 MP: 16/16
    17 | D        | Noticed a meat berserker
    17 | D        | HP: 8/167 [meat berserker/+9 battleaxe (21)]
    17 | D        | Noticed a meat berserker
    18 | D        | Killed a meat berserker
    19 | D        | Noticed a destroyer
    19 | D        | Noticed a meat berserker
    19 | D        | Noticed a meat berserker
    19 | D        | Annihilated by a meat berserker

Illustrated notes

Levels and vault maps discovered:
D:        meatsprint

Skill      XL: |  1  2  3  4  5  6  7  8  9 10 11 12 13 14 15 16 |
---------------+-------------------------------------------------+-----
Fighting       | 18 19 22 25 27 | 27.0
Axes           | 9 10 13 15 21 25 | 25.1
Armour         | 18 19 22 25 27 | 27.0
Shields        | 20 22 25 27 | 27.0
Dodging        | 2 |  2.8

Action                   |  1- 3 |  4- 6 |  7- 9 | 10-12 | 13-15 | 16-18 || total
-------------------------+-------+-------+-------+-------+-------+-------++-------
Melee: Executioner's axe |     1 |       |       |     1 |     4 |     1 ||     7
 Abil: Dig               |       |       |       |       |     1 |       ||     1
Armor: Scale mail        |       |       |       |       |       |     1 ||     1
